 Dungeon Crawl Stone Soup version 0.31.0-11-ge490571c62 (webtiles) character file.

Game seed: 16681654771700418122

121 qw the Shooter (level 4, 0/23 HPs)
             Began as a Spriggan Hunter on Feb 3, 2024.
             Slain by a kobold
             ... wielding a +0 short sword
              (3 damage)
             ... in a sewer.
             The game lasted 00:00:07 (1375 turns).

qw the Shooter (Spriggan Hunter)                    Turns: 1375, Time: 00:00:07

Health: 0/23       AC:  2    Str:  7    XL:     4   Next: 77%
Magic:  5/5        EV: 20    Int: 14    God:
Gold:   90         SH:  0    Dex: 20    Spells: 3/3 levels left

rFire   + . .        a - +0 shortbow
rCold   + . .        (shield currently unavailable)
rNeg    . . .        c - +0 robe
rPois   .            (helmet restricted)
rElec   .            e - scarf {rC+ rF+}
rCorr   .            (gloves unavailable)
SInv    +            (boots unavailable)
Will    .....        k - amulet "Bikhluel" {Regen+ Int+4}
Stlth   ++           (no ring)
HPRegen 1.03/turn    (no ring)
MPRegen 0.09/turn

%: no passive effects
@: very quick
A: very small, no large weapons, unfitting armour, see invisible, speed 3
a: no special abilities


You were in a sewer.
You visited 1 branch of the dungeon, and saw 3 of its levels.
You also visited: Sewer.

You collected 90 gold pieces.


Innate Abilities, Weirdness & Mutations

You are very small and have problems with some larger weapons.
You are too small for most types of armour.
You have supernaturally acute eyesight. (SInv)
You cover ground extremely quickly. (Speed+++)


   Skills:
 + Level 1.9 Fighting
 - Level 5.0 Ranged Weapons
 - Level 5.0 Dodging
 - Level 1.5 Stealth


You had 3 spell levels left.
You didn't know any spells.
Your spell library was empty.

Inventory:

Hand Weapons
 a - a +0 shortbow (weapon)
Armour
 c - a +0 robe (worn)
 e - a scarf of resistance (worn)
Jewellery
 k - the amulet "Bikhluel" (around neck) {Regen+ Int+4}
   (You found it on level 3 of the Dungeon)

   [amulet of regeneration]

   Int+4:     It affects your intelligence (+4).
   Regen+:    It increases your rate of health regeneration.
Potions
 g - 2 potions of curing
 i - a potion of brilliance {unknown}
 m - a potion of attraction {unknown}

Dungeon Overview and Level Annotations

Branches:
Dungeon (3/15)              Sewer (1/1)

Altars:
Gozag

Shops:
D:1 ?


Message History

You shoot an arrow. The arrow hits the kobold brigand!
The kobold brigand is moderately wounded.
You feel very sick. The kobold completely misses you.
You shoot an arrow. The arrow hits the kobold brigand.
The kobold brigand is heavily wounded.
You feel sick.
The kobold brigand hits you with a +0 dagger.
You shoot an arrow.
The arrow barely misses the kobold brigand.
The arrow closely misses the kobold.
The arrow hits the kobold but does no damage.
You feel sick.
The kobold brigand completely misses you.
The kobold barely misses you. x2
The kobold brigand completely misses you.
The kobold hits you with a +0 dagger.
You shoot an arrow. The arrow hits the kobold brigand.
The kobold brigand is heavily wounded.
You feel sick. The kobold completely misses you. The kobold brigand misses you.
The kobold misses you.
You shoot an arrow. The arrow hits the kobold brigand.
The kobold brigand is severely wounded.
You feel sick. The kobold completely misses you.
The kobold brigand completely misses you.
The kobold completely misses you.
You shoot an arrow.
The arrow closely misses the kobold brigand.
The arrow barely misses the kobold.
The arrow hits the kobold.
You kill the kobold!
You feel sick.
The kobold hits you with a +0 short sword.
The kobold brigand hits you with a +0 dagger.
The kobold completely misses you.
You shoot an arrow. The arrow hits the kobold brigand!
The kobold brigand is almost dead.
You feel sick.
You are no longer poisoned.
The kobold hits you with a +0 short sword.
You die...

#### ### #..####.###
..%.......#####
%.............###
....%...P.......#
................## ####
.................#K!..#
~.......~~~P..~~@KK)!.#
~~...~~~~~~....~KKK?\.#
~~P..P~~~~P~~.~~~#...?#
~#######~##############
~~~ ~~~ ~~~ ~~


You could see a kobold brigand and 5 kobolds.

Vanquished Creatures
  4 gnolls (D:3)
  A river rat (D:3)
  3 orcs (D:3)
  7 endoplasms
  4 giant cockroaches
  5 goblins
  3 hobgoblins (D:1)
  2 jackals (D:2)
  7 kobolds
  2 quokkas
  4 ball pythons
  11 bats
  4 frilled lizards
  13 rats
70 creatures vanquished.

Notes
Turn   | Place    | Note
-------+----------+-------------------------------------------
     0 | D:1      | qw the Spriggan Hunter began the quest for the Orb.
     0 | D:1      | Reached XP level 1. HP: 10/10 MP: 2/2
     0 | D:1      | 0 ||| qw: Version: 0.3-a-158-g18b3111
     0 | D:1      | 0 ||| qw: Game counter: 4204
     0 | D:1      | 0 ||| qw: Melee chars always use a shield: true
     0 | D:1      | 0 ||| qw: God list: Okawaru
     0 | D:1      | 0 ||| qw: Allow faded altars: false
     0 | D:1      | 0 ||| qw: Do Orc after clearing Dungeon:15 true
     0 | D:1      | 0 ||| qw: Do second Lair branch before Depths: true
     0 | D:1      | 0 ||| qw: Lair rune preference: random
     0 | D:1      | 0 ||| qw: Goals: Normal
     0 | D:1      | 0 ||| PLANNING D:1-11
    25 | D:1      | Reached skill level 3 in Dodging
   123 | D:1      | Reached XP level 2. HP: 14/14 MP: 3/3
   269 | D:1      | Found a faded altar of an unknown god.
   421 | D:1      | Found Jegah's Magic Scroll Shoppe.
   434 | D:1      | Reached XP level 3. HP: 18/18 MP: 4/4
   434 | D:1      | 434 ||| SHOPLISTING scroll of brand weapon (133 gold, have
                  | 26).
   434 | D:1      | 434 ||| SHOPLISTING scroll of identify (28 gold, have 26).
   665 | D:1      | 665 ||| UPGRADING to scarf of resistance.
   670 | D:1      | 670 ||| READING scroll labelled AFFACL EMANATH.
   671 | D:1      | 671 ||| READING scroll labelled UTHOAM BAEKK.
   672 | D:1      | 672 ||| READING scroll labelled WOFIEGGUPP.
   673 | D:1      | 673 ||| READING scroll labelled LAIGHU GASOGI.
   674 | D:1      | 674 ||| READING scroll labelled ISIR FIETYEDAT.
   675 | D:1      | 675 ||| DRINKING 2 red potions.
   676 | D:1      | 676 ||| DROPPING scroll of butterflies.
   769 | D:2      | You fall into a shaft and drop 1 floor!
   770 | D:3      | 770 ||| PLANNING SEWER
   816 | D:3      | Found an opulent altar of Gozag.
   927 | D:3      | Identified the amulet "Bikhluel" {Regen+ Int+4}
   941 | D:3      | 941 ||| RETREEEEATING.
   949 | D:3      | Reached XP level 4. HP: 22/22 MP: 5/5
  1195 | D:3      | Found a glowing drain.
  1203 | D:3      | 1203 ||| UPGRADING to amulet "Bikhluel" {Regen+ Int+4}.
  1208 | D:3      | 1208 ||| READING scroll labelled XAMUTU OKUQETIP.
  1209 | D:3      | 1209 ||| READING scroll labelled SISTAE XURANEN.
  1209 | D:3      | 1209 ||| IDENTIFYING viscous cyan potion
  1210 | D:3      | 1210 ||| READING 3 scrolls labelled XUFUXK VUOT.
  1211 | D:3      | 1211 ||| READING scroll labelled ALLECY ONOSIUTI.
  1216 | D:3      | 1216 ||| READING scroll labelled MEVVOTS NIPSO.
  1216 | D:3      | 1216 ||| ENCHANTING +0 shortbow.
  1217 | D:3      | 1217 ||| DROPPING potion of ambrosia.
  1218 | D:3      | 1218 ||| DROPPING 2 scrolls of amnesia.
  1278 | Sewer    | Entered a sewer
  1367 | Sewer    | Noticed a kobold brigand
  1374 | Sewer    | HP: 3/23 [kobold brigand/+0 dagger (5)]
  1375 | Sewer    | Slain by a kobold

Levels and vault maps discovered:
D:1:      dpeg_arrival_prison, layout_basic,
          shapermc_ecumenical_altar_rom_forum, serial_shops, nicolae_shop_stone
D:2:      layout_loops_ring
D:3:      layout_rooms, nicolae_gozag_cash_rules_everything_around_me,
          portal_sewer_entry_e
Sewer:    kennysheep_pipe_town

Skill      XL: |  1  2  3  4 |
---------------+-------------+-----
Dodging        | 3 4 5 |  5.0
Ranged Weapons | 5 |  5.0
Fighting       | |  1.9
Stealth        | |  1.5

Action                     |  1- 3 |  4- 6 || total
---------------------------+-------+-------++-------
   Fire: Shortbow          |   105 |    68 ||   173
    Use: Scroll            |     5 |     5 ||    10
         Potion            |     1 |       ||     1
 Armour: Robe              |     2 |    16 ||    18
  Dodge: Dodged            |    13 |    37 ||    50

Table legend:
 A = Non-vault XP
 B = Vault XP
 C = Vault XP percentage of total XP
 D = Non-vault monster count
 E = Vault monster count
 F = Vault count percentage of total count
                 A         B        C        D         E       F
            +---------+---------+-------+---------+---------+-------
      Total |     132 |      42 |  24.1 |      47 |      23 |  32.9
            +---------+---------+-------+---------+---------+-------
        D:1 |      41 |       4 |   8.9 |      24 |       4 |  14.3
        D:2 |       7 |       0 |   0.0 |       4 |       0 |   0.0
        D:3 |      84 |      22 |  20.8 |      19 |       8 |  29.6
      Sewer |       0 |      16 | 100.0 |       0 |      11 | 100.0
            +---------+---------+-------+---------+---------+-------
